 Dungeon Crawl Stone Soup version 0.27-b1-2-g8387495791 (webtiles) character file.

Game seed: 16935036165524956782

6372 pikapanic the Severer (level 10, 0/84 HPs)
             Began as a Deep Dwarf Fighter on July 26, 2021.
             Was a Believer of Makhleb.
             Slain by a hornet (2 damage)
             ... while paralysed by a hornet
             ... on level 9 of the Dungeon.
             The game lasted 00:37:00 (6078 turns).

pikapanic the Severer (Deep Dwarf Fighter)          Turns: 6078, Time: 00:37:03

Health: 0/84       AC: 12    Str: 24    XL:     10   Next: 65%
Magic:  6/6        EV:  2    Int: 10    God:    Makhleb [**....]
Gold:   383        SH:  0    Dex: 19    Spells: 9/9 levels left

rFire    . . .     SeeInvis .   f - +11 executioner's axe "Vilyit" {vorpal, Dex+7}
rCold    . . .     Faith    .   (shield currently unavailable)
rNeg     . . .     Spirit   .   p - +1 plate armour
rPois    .         Reflect  .   (no helmet)
rElec    .         Harm     .   (no cloak)
rCorr    .         Rampage  .   (no gloves)
Will     ++...                  (no boots)
Stlth    ..........             (no amulet)
HPRegen  0.00/turn              g - ring of flight
MPRegen  0.10/turn              (no ring)

@: paralysed, lethally poisoned (0 -> 0), about to teleport, flying, slowed
A: damage resistance, heal wounds, sense surroundings 2, no regeneration, clever
1, strong-willed 1
a: Heal Wounds, Renounce Religion, Minor Destruction


You were on level 9 of the Dungeon.
You worshipped Makhleb.
Makhleb was pleased with you.
You visited 1 branch of the dungeon, and saw 10 of its levels.
You also visited: Ossuary.

You collected 383 gold pieces.

Inventory:

Hand Weapons
 a - a +0 war axe
 f - the +11 executioner's axe "Vilyit" (weapon) {vorpal, Dex+7}
   (You acquired it on level 1 of the Dungeon)

   It inflicts extra damage upon your enemies.
   Dex:       It affects your dexterity (+7).
 h - a +0 club
 o - a +3 glaive of flaming
 x - a +0 short sword of venom
 z - a +0 battleaxe of electrocution
 C - a +0 scythe
 G - a +4 dire flail
Armour
 b - a +0 scale mail
 c - a +0 kite shield
 d - a +0 chain mail
 e - a +0 ring mail
 j - a +1 chain mail
 m - a +0 ring mail
 p - a +1 plate armour (worn)
Magical Staves
 A - a staff of poison
Jewellery
 g - a ring of flight (left hand)
 r - the ring of Xom's Best Wishes {*Corrode Will+ EV+4 Int+5}
   (You found it on level 4 of the Dungeon)

   [ring of evasion]

   EV:        It affects your evasion (+4).
   Int:       It affects your intelligence (+5).
   *Corrode:  It may corrode you when you take damage.
   Will:      It increases your willpower.
Scrolls
 v - 14 scrolls of noise
 y - a scroll of immolation
 H - a scroll of amnesia {unknown}
Potions
 k - a potion of heal wounds
 l - 3 potions of brilliance
 n - 4 potions of curing
 q - 2 potions of cancellation
 s - a potion of lignification {unknown}
 t - 2 potions of invisibility
 u - 2 potions of ambrosia {unknown}
 w - 2 potions of might
 B - 3 potions of flight
 D - 2 potions of attraction
 E - a potion of resistance {unknown}
 F - 3 potions of haste


   Skills:
 - Level 3.1 Fighting
 + Level 16.4 Axes
 - Level 3.4 Armour
 - Level 3.8 Shields


You had 9 spell levels left.
You didn't know any spells.
Your spell library contained the following spells:

 Spells                   Type           Power      Damage    Failure   Level
 Animate Skeleton         Necr           0%         N/A       100%        1
 Pain                     Necr           0%         1d4       100%        1
 Ensorcelled Hibernation  Hex/Ice        0%         N/A       100%        2
 Static Discharge         Conj/Air       0%         N/A       100%        2
 Call Canine Familiar     Summ           0%         N/A       100%        3
 Portal Projectile        Hex/Tloc       0%         N/A       100%        3
 Spider Form              Tmut/Pois      0%         N/A       100%        3
 Vampiric Draining        Necr           0%         2d6       100%        3
 Dispel Undead            Necr           0%         3d6       100%        4
 Leda's Liquefaction      Hex/Erth       0%         N/A       100%        4
 Sticky Flame             Conj/Fire      0%         2d3       100%        4
 Shadow Creatures         Summ           N/A        N/A       100%        6
 Chain Lightning          Conj/Air       0%         N/A       100%        9
 Fire Storm               Conj/Fire      0%         5d1       100%        9


Dungeon Overview and Level Annotations

Branches:
Dungeon (10/15)            Temple (0/1) D:5            Lair (0/6) D:10
Ossuary (visited)
    Orc: D:9-12

Altars:
Dithmenos
Fedhas
Hepliaklqana
Kikubaaqudgha
Makhleb
Qazlal
Uskayaw

Shops:
D:6 :


Innate Abilities, Weirdness & Mutations

You are resistant to damage.
You can heal yourself by infusing magical energy.
You passively map the area around you.
You do not regenerate.
Your mind is acute. (Int +2)
You are strong-willed. (Will+)


Message History

Makhleb accepts your kill.
You feel better.
You slash the orc!
You kill the orc!
Makhleb accepts your kill.
You see here a +0 hand axe.
You see here a +0 whip.
Found 6 gold pieces.
You now have 383 gold pieces (gained 6).
A hornet comes into view.
The hornet buzzes angrily.
A wyvern comes into view.
The hornet stings you.
You suddenly lose the ability to move!
You can move again.
You completely miss the hornet. The hornet barely misses you.
You slash the hornet!
The hornet is severely wounded.
The hornet stings you!
You feel yourself slow down. The hornet stings you!
You shrug off the repeated paralysis!
You barely miss the hornet.
The hornet is heavily wounded.
You feel yourself speed up. The hornet stings you.
You feel yourself slow down. The wyvern bites you! The hornet stings you!
* * * LOW HITPOINT WARNING * * *
You are poisoned.
You feel as though you will be slow longer.
A two-headed ogre comes into view.
It is wielding two +0 giant spiked clubs.
The wyvern bites you!
* * * LOW HITPOINT WARNING * * *
The hornet stings you.
You are more poisoned.
You shrug off the repeated paralysis!
The two-headed ogre moves out of view.
As you read the scroll of teleportation, it crumbles to dust.
You feel strangely unstable. The wyvern bites you!
* * * LOW HITPOINT WARNING * * *
The hornet stings you.
You suddenly lose the ability to move!
The wyvern bites you!
* * * LOW HITPOINT WARNING * * *
The hornet stings you.
You die...

, , , , * *** ,, , * ,
,* #, , #.######## *
#........# ,
,#.......#
..#...y...##
,,......l@...#########
, ...###.###.##......#
,, #.#...##......# *
#.###.##......# ,
...,#.##......##### *
,
###.#.#..#...........
, ,
..........######.....
###.#.#...# #..... , ,
,...#...# #.....


You could see a hornet and a wyvern.

Vanquished Creatures
  2 two-headed ogres (D:8)
  A death yak (D:9)
  Grinder (D:3)
  Prince Ribbit (D:7)
  Sigmund (D:6)
  A wyvern (D:8)
  A yak (D:9)
  2 steam dragons
  An acid dragon (D:10)
  4 black bears
  Duvessa (D:5)
  2 sky beasts
  3 orc warriors
  2 ogres
  3 centaurs
  2 phantoms
  2 gnoll sergeants
  A scorpion (D:6)
  A water moccasin zombie (D:5)
  Dowan (D:5)
  2 water moccasin skeletons (D:4)
  4 wights (D:7)
  A bullfrog zombie (D:6)
  3 centaur zombies
  2 jellies
  2 hounds
  2 gnoll shamans
  A human zombie (Ossuary)
  A bullfrog skeleton (D:4)
  2 orc priests (D:5)
  Jessica (D:3)
  6 iguanas
  Natasha (twice) (D:3)
  6 orc wizards
  A scorpion zombie (D:5)
  5 mummies
  2 howler monkey zombies
  19 gnolls
  A howler monkey skeleton (D:7)
  7 adders
  A white imp (D:6)
  2 ufetubi
  3 adder skeletons (D:4)
  A worm (D:5)
  2 dart slugs
  24 orcs
  5 ball pythons
  3 bats
  An endoplasm (D:1)
  4 giant cockroaches
  A gnoll zombie (Ossuary)
  2 goblins
  9 hobgoblins
  4 jackals (D:1)
  9 kobolds
  5 quokkas
  A frilled lizard (D:3)
  2 goblin zombies (Ossuary)
  2 kobold zombies (Ossuary)
  2 rats (D:1)
186 creatures vanquished.

Vanquished Creatures (others)
  5 plants (D:1)
  16 withered plants (D:1)
21 creatures vanquished.

Grand Total: 207 creatures vanquished

Notes
Turn   | Place    | Note
-------+----------+-------------------------------------------
     0 | D:1      | pikapanic the Deep Dwarf Fighter began the quest for the
                  | Orb.
     0 | D:1      | Reached XP level 1. HP: 20/20 MP: 1/1
    65 | D:1      | Reached XP level 2. HP: 25/27 MP: 2/2
    92 | D:1      | Found a faded altar of an unknown god.
   160 | D:1      | Identified a scroll of acquirement
   160 | D:1      | Acquired the +11 executioner's axe "Vilyit" {vorpal, Dex+7}
   534 | D:2      | Reached XP level 3. HP: 25/34 MP: 3/3
   991 | D:2      | Reached skill level 3 in Axes
  1235 | D:3      | Noticed Jessica
  1244 | D:3      | Killed Jessica
  1245 | D:3      | Reached XP level 4. HP: 40/42 MP: 4/4
  1305 | D:3      | Noticed Grinder
  1311 | D:3      | Paralysed by Grinder for 6 turns
  1324 | D:3      | Killed Grinder
  1325 | D:3      | Reached skill level 6 in Axes
  1325 | D:3      | Reached XP level 5. HP: 39/49 MP: 5/5
  1325 | D:3      | Reached XP level 6. HP: 44/56 MP: 6/6
  1455 | D:3      | Noticed Natasha
  1462 | D:3      | Killed Natasha
  1591 | D:3      | Noticed Natasha
  1598 | D:3      | Killed Natasha
  1822 | D:4      | Reached skill level 7 in Axes
  1939 | D:4      | Reached XP level 7. HP: 34/62 MP: 7/7
  1940 | D:4      | Found a hazy altar of Hepliaklqana.
  1961 | D:4      | Reached skill level 8 in Axes
  2110 | D:4      | Found a sand-covered staircase.
  2120 | Ossuary  | Entered an ossuary
  2181 | Ossuary  | Gained mutation: You are strong-willed. (Will+) [potion of
                  | mutation]
  2181 | Ossuary  | Gained mutation: Your mind is acute. (Int +2) [potion of
                  | mutation]
  2292 | Ossuary  | Reached skill level 9 in Axes
  2560 | D:4      | Identified the ring of Xom's Best Wishes {*Corrode Will+
                  | EV+4 Int+5}
  2595 | D:4      | Found a burning altar of Makhleb.
  2701 | D:4      | Became a worshipper of Makhleb the Destroyer
  3057 | D:5      | Entered Level 5 of the Dungeon
  3070 | D:5      | Reached XP level 8. HP: 58/69 MP: 5/5
  3071 | D:5      | Reached skill level 10 in Axes
  3193 | D:5      | Noticed Duvessa
  3196 | D:5      | Noticed Dowan
  3201 | D:5      | Killed Duvessa
  3211 | D:5      | Killed Dowan
  3427 | D:5      | Reached skill level 11 in Axes
  3471 | D:5      | Reached * piety under Makhleb
  3474 | D:5      | Found a staircase to the Ecumenical Temple.
  3549 | D:5      | Found a stormy altar of Qazlal.
  3780 | D:5      | Reached skill level 12 in Axes
  4162 | D:6      | Gained mutation: You passively map the area around you.
                  | [Deep Dwarf growth]
  4162 | D:6      | Reached XP level 9. HP: 42/75 MP: 5/5
  4193 | D:6      | Found Arabom's Book Shop.
  4361 | D:6      | Noticed Sigmund
  4367 | D:6      | Killed Sigmund
  4414 | D:6      | Found an ancient bone altar of Kikubaaqudgha.
  4421 | D:6      | Found a blossoming altar of Fedhas.
  4422 | D:6      | Found a shadowy altar of Dithmenos.
  4511 | D:6      | Reached skill level 13 in Axes
  4782 | D:7      | Reached ** piety under Makhleb
  4993 | D:7      | Reached skill level 14 in Axes
  5071 | D:7      | Noticed Prince Ribbit
  5078 | D:7      | Killed Prince Ribbit
  5479 | D:8      | Noticed a two-headed ogre
  5485 | D:8      | Killed a two-headed ogre
  5486 | D:8      | Reached skill level 15 in Axes
  5486 | D:8      | Reached XP level 10. HP: 19/84 MP: 6/6
  5603 | D:8      | Noticed a two-headed ogre
  5606 | D:8      | Killed a two-headed ogre
  5719 | D:8      | You are sucked into a shaft and drop 2 floors!
  5719 | D:10     | Entered Level 10 of the Dungeon
  5768 | D:10     | Noticed a death yak
  5768 | D:10     | Noticed a death yak
  5770 | D:10     | Found a staircase to the Lair.
  5770 | D:10     | Noticed a death yak
  5779 | D:9      | Killed a death yak
  5780 | D:9      | Reached skill level 16 in Axes
  5819 | D:9      | Found a hide-covered altar of Uskayaw.
  6074 | D:9      | Paralysed by a hornet for 1 turns
  6077 | D:9      | Noticed a two-headed ogre
  6078 | D:9      | Paralysed by a hornet for 1 turns
  6078 | D:9      | HP: 2/84 [wyvern (6)]
  6078 | D:9      | Slain by a hornet

Illustrated notes

Levels and vault maps discovered:
D:1:      wander_arrival_chamber, layout_rooms,
          shapermc_ecumenical_altar_flowoftime
D:2:      layout_loops_cross
D:3:      layout_rooms, serial_park_tiny_1, uniq_natasha, uniq_grinder,
          uniq_jessica
D:4:      layout_basic, mainiacjoe_overflow_alcove_4, gup_ossuary_entry_pyramid,
          minmay_ruined_shrine
D:5:      cheibrodos_barr_body, layout_loops_ring, kennysheep_mini_moat,
          minmay_temple_entry_water_ring, uniq_duvessa
D:6:      layout_rooms, minitemple, serial_shops, nicolae_lakefront_shop,
          uniq_sigmund
D:7:      layout_rooms, hangedman_decor_growths, serial_bayou_crossing,
          uniq_prince_ribbit1
D:8:      layout_loops_corners, chequers_garden
D:9:      layout_gridville, mainiacjoe_overflow_24_doors, okawaru_humans,
          chequers_serial_rivers_large_a, minmay_misc_feat_roman,
          kennysheep_potato
D:10:     layout_small_grid, dpeg_lair_monsters, uniq_psyche

Skill      XL: |  1  2  3  4  5  6  7  8  9 10 |
---------------+-------------------------------+-----
Fighting       | 3 |  3.1
Axes           | 3 6 7 9 12 15 16 | 16.4
Armour         | |  3.4
Shields        | |  3.8

Action                   |  1- 3 |  4- 6 |  7- 9 | 10-12 || total
-------------------------+-------+-------+-------+-------++-------
Melee: War axe           |    50 |       |       |       ||    50
       Executioner's axe |    44 |    31 |   213 |    43 ||   331
 Abil: Heal Wounds       |     1 |     2 |    10 |     3 ||    16
  Use: Scroll            |     3 |       |    16 |     3 ||    22
       Potion            |       |     1 |     3 |     1 ||     5
Armor: Scale mail        |    45 |       |       |       ||    45
       Chain mail        |       |    20 |    47 |       ||    67
       Plate armour      |       |       |   117 |    24 ||   141
Dodge: Dodged            |    46 |     9 |   100 |    20 ||   175
Block: Kite shield       |     9 |       |       |       ||     9
